AoeStats
← BuDrakexn

Baltic

510615174Analyzed
4v4 RM · 2d ago on Oct 1, 2026· 69m 39s· 8 players
Game mode
Random Map
Map size
Large (8 player)
Population
200
Speed
Normal
Resources
Standard
Victory
Conquest
Starting age
Dark Age
Ending age
Imperial Age
RankedLock teamsTeams togetherTeam positionsShared explorationLock speedFull tech treeHidden civsTurbo modeCheats
Victory
Defeat
🇨🇳 Saracens · China
927
+14
🇮🇳 Wu · India
920
+15
🇺🇸 Goths · United States
893
+16
🇮🇳 Mongols · India
880
+16
🇩🇪 Franks · Germany
951
-18
🇪🇸 Spanish · Spain
887
-15
🇬🇧 Portuguese · United Kingdom
877
-15
🇹🇷 Huns · Türkiye
837
-13
BLONDYN
0:44 Loom
10:14 Feudal Age
11:05 Double-Bit Axe
14:14 Gold Mining
19:22 Castle Age
17:21 Stone Mining
21:08 Bow Saw
21:02 Caravan
22:11 Gold Shaft Mining
22:33 Wheelbarrow
24:54 Hand Cart
26:12 Husbandry
30:55 Town Watch
34:23 Imperial Age
32:45 Town Patrol
32:45 Ordonnance Companies
34:49 Forging
34:40 Scale Mail Armor
34:45 Scale Barding Armor
34:34 Fletching
34:26 Cavalier
35:09 Chivalry
36:11 Iron Casting
37:05 Chain Barding Armor
37:01 Chain Mail Armor
37:11 Conscription
38:22 Elite Throwing Axeman
39:39 Hoardings
39:18 Bodkin Arrow
39:59 Paladin
41:55 Masonry
41:25 Treadmill Crane
41:41 Murder Holes
42:07 Ballistics
43:18 Chemistry
42:28 Fortified Wall
43:26 Blast Furnace
44:28 Plate Barding Armor
44:23 Plate Mail Armor
47:06 Pikeman
47:47 Squires
47:34 Arson
49:20 Architecture
48:35 Halberdier
Brido1970
10:12 Loom
13:01 Feudal Age
17:55 Castle Age
16:12 Gold Mining
17:18 Double-Bit Axe
18:54 Bow Saw
20:19 Fletching
23:16 Bodkin Arrow
23:24 Horse Collar
23:35 Fishing Lines
26:47 Wheelbarrow
27:33 Heavy Plow
30:37 Imperial Age
28:27 Stone Mining
29:00 Town Watch
29:59 Fortified Wall
30:12 Ballistics
30:15 Forging
30:36 Gillnets
31:58 Bracer
33:03 Two-Man Saw
34:46 Scale Barding Armor
35:17 Iron Casting
35:20 Masonry
36:42 Chemistry
35:43 Cavalier
38:09 Bloodlines
38:53 Architecture
40:17 Padded Archer Armor
40:14 Guard Tower
43:37 Blast Furnace
43:15 Conscription
43:00 Arquebus
45:19 Pikeman
46:36 Murder Holes
48:55 Light Cavalry
49:49 Scale Mail Armor
50:11 Chain Barding Armor
Karthusxx
6:37 Loom
12:07 Feudal Age
17:56 Castle Age
20:17 Double-Bit Axe
21:45 Horse Collar
37:55 Imperial Age
39:17 Conscription
39:22 Supremacy
39:35 Bloodlines
39:25 Husbandry
38:46 Cavalier
40:15 Wheelbarrow
39:25 Town Watch
41:34 Fletching
41:50 Scale Barding Armor
41:56 Forging
41:46 Elite Skirmisher
43:44 Bodkin Arrow
47:35 Chemistry
46:41 Padded Archer Armor
49:58 Chain Barding Armor
49:57 Leather Archer Armor
49:51 Light Cavalry
51:33 Paladin
57:01 Paladin
nintokutenno
12:17 Feudal Age
13:38 Wheelbarrow
12:45 Horse Collar
12:52 Double-Bit Axe
13:17 Town Watch
14:50 Stone Mining
14:53 Gold Mining
18:26 Fishing Lines
22:25 Castle Age
22:00 Scale Barding Armor
23:40 Hand Cart
23:27 Heavy Plow
24:03 Gold Shaft Mining
23:41 Bow Saw
24:12 Husbandry
26:21 Chain Barding Armor
26:14 Bloodlines
26:41 Town Patrol
27:41 Marauders
27:57 Gillnets
31:32 Caravan
34:17 Imperial Age
34:22 Elite Tarkan
35:23 Conscription
36:07 Plate Barding Armor
SYNC
0:33 Loom
12:55 Feudal Age
14:25 Double-Bit Axe
14:22 Horse Collar
14:34 Gold Mining
15:02 Stone Mining
25:17 Castle Age
26:50 Gold Shaft Mining
26:51 Stone Shaft Mining
27:32 Wheelbarrow
29:06 Hand Cart
31:52 Imperial Age
32:05 Imperial Age
32:03 Heavy Plow
32:15 Bow Saw
33:36 Bloodlines
33:27 Husbandry
33:22 Elite Mangudai
34:24 Conscription
35:12 Light Cavalry
36:38 Thumb Ring
36:59 Parthian Tactics
36:38 Padded Archer Armor
36:28 Fletching
37:46 Chemistry
37:06 Ballistics
36:57 Fortified Wall
38:58 Leather Archer Armor
38:38 Bodkin Arrow
42:37 Caravan
43:51 Bracer
50:45 Hussar
51:35 Scale Barding Armor
51:40 Forging
62:44 Chain Barding Armor
62:59 Iron Casting
68:42 Spies/Treason
Rowdy
0:27 Loom
11:47 Feudal Age
13:51 Double-Bit Axe
18:34 Castle Age
16:40 Horse Collar
17:23 Stone Mining
17:24 Gold Mining
19:25 Wheelbarrow
27:43 Bow Saw
28:42 Hand Cart
29:04 Heavy Plow
29:42 Stone Shaft Mining
33:30 Imperial Age
31:27 Fletching
31:38 Padded Archer Armor
32:40 Gold Shaft Mining
32:38 Red Cliffs Tactics
32:40 Bodkin Arrow
33:20 Ballistics
32:57 Murder Holes
32:46 Treadmill Crane
34:55 Conscription
33:56 Elite Fire Archer
35:56 Chemistry
36:12 Bracer
36:28 Leather Archer Armor
36:32 Caravan
37:34 Forging
37:30 Scale Barding Armor
37:01 Light Cavalry
37:54 Bloodlines
37:46 Husbandry
39:04 Hussar
41:43 Iron Casting
41:29 Chain Barding Armor
41:10 Scale Mail Armor
41:52 Heavy Hei Guang Cavalry
45:09 Blast Furnace
44:25 Chain Mail Armor
44:45 Plate Barding Armor
44:15 Town Watch
46:08 Pikeman
46:49 Squires
46:34 Arson
47:21 Plate Mail Armor
46:37 Halberdier
52:16 Two-Man Saw
55:04 Sitting Tiger
67:12 Spies/Treason
BuDrakexn
1:43 Loom
11:13 Feudal Age
12:47 Double-Bit Axe
17:00 Castle Age
15:16 Man-at-Arms
16:00 Scale Mail Armor
18:08 Stone Mining
18:44 Squires
18:20 Long Swordsman
18:57 Horse Collar
20:35 Wheelbarrow
23:10 Forging
25:36 Bow Saw
27:52 Anarchy
28:43 Heavy Plow
32:45 Imperial Age
31:21 Pikeman
33:09 Iron Casting
32:27 Fletching
32:52 Chain Mail Armor
34:43 Halberdier
35:39 Elite Huskarl
36:41 Conscription
37:46 Iron Casting
38:04 Caravan
39:51 Gold Mining
40:40 Stone Shaft Mining
40:07 Perfusion
41:38 Blast Furnace
45:52 Hand Cart
68:17 Spies/Treason
林北干林娘。
0:33 Loom
10:03 Feudal Age
11:59 Double-Bit Axe
18:53 Castle Age
18:26 Gold Mining
19:32 Forging
20:44 Horse Collar
24:29 Iron Casting
24:25 Bow Saw
25:26 Stone Mining
29:04 Scale Barding Armor
29:29 Town Watch
30:20 Wheelbarrow
34:59 Chain Barding Armor
37:24 Imperial Age
35:23 Bimaristan
36:50 Bloodlines
36:41 Husbandry
39:14 Hand Cart
39:41 Heavy Plow
40:44 Ballistics
41:44 Gold Shaft Mining
41:17 Caravan
42:17 Elite Mameluke
44:16 Conscription
44:54 Town Patrol
45:25 Counterweights
49:19 Plate Barding Armor
53:06 Sanctity
52:57 Fervor
54:24 Blast Furnace
56:46 Arson
60:19 Fletching
61:32 Two-Man Saw
Connection lost

Rejoining the realm…

Still unreachable

The connection could not be restored.

Session expired

The server has moved on; the page needs a fresh start.